Cogmind - Beta 16 @@@ ROGUE MODE // 2025.10.22 @ 22:35:29 Player: MolePlayingNice Result: Destroyed by B-86 Titan with Matter Neutralizer Performance ------------- Evolutions (6) 3000 Regions Visited (20) 4000 Robots Destroyed (215) 1075 Value Destroyed (14201) 14201 Prototype IDs (5) 100 Alien Tech Used (0) 0 Bonus (8640) 8640 TOTAL SCORE: 31016 Bonus ------- High Alert Combat Kills 2328 Follower Combat Kills 3971 Entered Garrisons 1400 Used RIF Installer 3500 Friendly Fire -2559 Cogmind --------- Core Integrity 0/1150 Matter 295/300 Energy 100/100 System Corruption 32% Temperature Hot (215) Movement Core (50) Location -4/Garrison Parts ------- > --- POWER (2) -------- (None) > --- PROPULSION (4) --- (None) > --- UTILITY (11) ----- (None) > --- WEAPON (2) ------- (None) > --- INVENTORY (5) ---- Relay Coupler [Heavy] (14) Relay Coupler [Behemoth] (11) Mass Driver Gamma Bomb Array Peak State ------------ > --- POWER ------------ Quantum Reactor Quantum Reactor > --- PROPULSION ------- Biometal Heavy Treads Advanced Heavy Siege Treads > --- UTILITY ---------- Improved Cooling System Improved Cooling System Huge Storage Unit Quantum Capacitor Advanced Powered Armor Advanced Shield Generator Relay Coupler [NC] Relay Coupler [Swarmer] Relay Coupler [Grunt] Relay Coupler [Sentry] > --- WEAPON ----------- Enhanced Nova Cannon Improved Remote Datajack > --- INVENTORY -------- Quantum Reactor Heavy Siege Treads Energy Well Hardened Heavy Armor Plating Improved Medium Armor Plating Advanced Force Field Relay Coupler [NC] Relay Coupler [NC] Relay Coupler [NC] Relay Coupler [Grunt] Relay Coupler [Sentry] Relay Coupler [Sentry] Relay Coupler [Hunter] Relay Coupler [Hunter] Relay Coupler [Heavy] Relay Coupler [Behemoth] Relay Coupler [Behemoth] Compact HERF Cannon Heavy Plasma Cannon Gamma Bomb Array Micro-nuke Launcher Improved Remote Datajack Plasma Cutter [Rating: 129] Favorites ----------- Power Quantum Reactor Engine Heavy Deuterium Engine Power Core Light Nuclear Core Reactor Quantum Reactor Propulsion Heavy Treads Treads Heavy Treads Leg Aluminum Leg Wheel Armored Huge Wheel Utility Improved Cooling System Device Improved Cooling System Storage Huge Storage Unit Processor Enhanced Optical Array Hackware Relay Coupler [Grunt] Protection Hardened Heavy Armor Plating Weapon Improved Remote Datajack Energy Gun Medium Laser Energy Cannon Heavy Plasma Cannon Ballistic Gun Autogun Ballistic Cannon Enhanced Gauss Cannon Launcher Mini Grenade Launcher Special Weapon Improved Remote Datajack Impact Weapon Heavy Hammer Slashing Weapon Katana Build | -11 -10 -9 -8 -8 -7 -7 -7 -7 -7 -7 -6 -6 -6 -6 -5 -5 -4 -4 -4 -4 ------- Run | Yrd Mat Mat Mat Gar Fac Was Fac Gar Fac Gar Fac Was Fac Gar Fac Gar Fac Gar Fac Gar Slots Evolved 12 | . . 2 2 . 2 . . . . . 2 . . . 2 . 2 . . . Power 1 | . . . . . . . . . . . . . . . 1 . . . . . Propulsion 2 | . . . . . 2 . . . . . . . . . . . . . . . Utility 9 | . . 2 2 . . . . . . . 2 . . . 1 . 2 . . . Weapon . | . . . . . . . . . . . . . . . . . . . . . Parts Attached 204 | . 14 16 25 16 5 8 . 16 3 15 1 14 7 9 2 14 5 11 23 . Power 20 | . 3 2 3 1 1 . . . . 1 . 3 . 1 . 3 . . 2 . Engine 9 | . 2 2 3 1 1 . . . . . . . . . . . . . . . Core 2 | . 1 . . . . . . . . . . . . 1 . . . . . . Reactor 9 | . . . . . . . . . . 1 . 3 . . . 3 . . 2 . Propulsion 34 | . 4 2 5 1 1 3 . 2 . 3 . 2 1 2 . 2 . . 6 . Treads 24 | . 3 1 3 . . 2 . 2 . 3 . 2 1 2 . 2 . . 3 . Leg 2 | . 1 . . . . . . . . . . . . . . . . . 1 . Wheel 8 | . . 1 2 1 1 1 . . . . . . . . . . . . 2 . Hover . | . . . . . . . . . . . . . . . . . . . . . Flight . | . . . . . . . . . . . . . . . . . . . . . Utility 105 | . 2 4 12 6 2 5 . 10 3 9 1 6 6 5 2 7 4 11 10 . Device 25 | . 1 2 5 2 . 2 . . . . . 3 2 1 . 1 . 2 4 . Storage 4 | . 1 1 . . . . . . . . . . . . . . . . 2 . Processor 6 | . . . 1 . . . . . . . 1 . 2 1 . . . . 1 . Hackware 41 | . . . 1 . . 1 . 8 3 7 . . . 3 1 5 4 7 1 . Protection 29 | . . 1 5 4 2 2 . 2 . 2 . 3 2 . 1 1 . 2 2 . Artifact . | . . . . . . . . . . . . . . . . . . . . . Weapon 45 | . 5 8 5 8 1 . . 4 . 2 . 3 . 1 . 2 1 . 5 . Energy Gun 8 | . 3 4 1 . . . . . . . . . . . . . . . . . Energy Cannon 11 | . . . . 5 . . . 1 . . . 2 . . . 1 . . 2 . Ballistic Gun 8 | . 2 1 4 1 . . . . . . . . . . . . . . . . Ballistic Cannon 1 | . . . . . . . . . . . . . . . . . . . 1 . Launcher 5 | . . 2 . . . . . . . . . 1 . 1 . . . . 1 . Special Weapon 9 | . . . . . 1 . . 3 . 2 . . . . . 1 1 . 1 . Impact Weapon 1 | . . 1 . . . . . . . . . . . . . . . . . . Slashing Weapon 2 | . . . . 2 . . . . . . . . . . . . . . . . Piercing Weapon . | . . . . . . . . . . . . . . . . . . . . . Special Melee Weapon . | . . . . . . . . . . . . . . . . . . . . . Unidentified Prototypes 3 | . . . . . 1 . . . . . . 2 . . . . . . . . Corrupted Parts 1 | . . . . . . . . . . . . . . . . . . . 1 . System Corruption 5 | . . . . . . . . . . . . . . . . . . . 5 . Parts Lost 47 | . 4 3 4 5 . . . . . 4 . . . . . . 1 . 26 . Power 5 | . 1 . . . . . . . . 1 . . . . . . . . 3 . Propulsion 10 | . 2 1 . . . . . . . 1 . . . . . . . . 6 . Utility 24 | . . 1 4 5 . . . . . 2 . . . . . . 1 . 11 . Weapon 8 | . 1 1 . . . . . . . . . . . . . . . . 6 . Highest Loss Streak 15 | . 2 1 2 3 . . . . . 4 . . . . . . 1 . 15 . To Critical Strikes . | . . . . . . . . . . . . . . . . . . . . . Average Backups 21 | 6 12 16 24 21 22 22 20 22 23 23 23 24 23 24 22 22 22 22 20 4 Power 1 | 1 1 1 1 1 1 2 2 2 2 1 1 1 1 1 1 1 2 1 1 . Propulsion 1 | 4 3 2 5 2 1 . 1 1 1 . . . 1 1 1 1 1 1 . . Utility 11 | . 1 2 4 5 10 10 7 12 14 14 15 15 15 16 14 13 13 14 12 2 Weapon 4 | 1 4 6 10 8 5 6 5 4 3 3 3 4 4 3 4 4 4 4 4 2 Tool/Special . | . . . . . . . . . . . . . . . . . . . . . Unused Backups 72 | . 10 3 8 2 2 4 . 6 1 5 . 2 . 9 . 4 . 5 9 2 Power 7 | . 2 . . 2 . 2 . . . . . . . . . 1 . . . . Propulsion 10 | . 4 1 3 . . . . 1 . . . . . . . 1 . . . . Utility 43 | . 1 . 2 . . 2 . 5 1 4 . 2 . 9 . 2 . 5 8 2 Weapon 9 | . 2 2 3 . . . . . . 1 . . . . . . . . 1 . Tool/Special 3 | . 1 . . . 2 . . . . . . . . . . . . . . . Average Slot Usage (%) 81 | . 90 81 93 81 73 62 76 77 84 81 83 83 83 79 85 87 88 88 68 . Engine 3 | . 12 11 9 9 7 7 7 7 7 2 . . . . 4 . . . . . Reactor 4 | . . . . . . . . . . 4 6 5 6 5 5 10 10 10 8 . Treads 11 | . 23 11 8 . . 11 15 15 15 18 20 14 13 13 11 11 10 10 6 . Wheel 1 | . . 5 8 9 14 3 . . . . . . . . . . . . 2 . Device 12 | . 6 11 24 20 7 5 15 9 7 14 6 11 13 9 11 13 13 14 13 . Storage 6 | . 14 11 9 9 7 7 7 7 7 7 6 6 6 6 5 5 5 5 5 . Processor 2 | . . . . . . . . . . . 3 3 4 6 5 5 5 5 . . Hackware 11 | . . . . . . 1 . 10 18 7 13 13 13 16 16 14 21 20 17 . Protection 9 | . . 5 14 15 21 8 15 10 11 9 13 12 11 6 10 11 10 10 3 . Energy Gun 1 | . 21 13 1 . . . . . . . . . . . . . . . . . Energy Cannon 4 | . . . . 5 3 7 7 7 7 6 6 6 6 5 5 5 4 4 4 . Ballistic Gun 2 | . 6 7 15 11 7 . 5 . . . . . . . . . . . . . Special Weapon 4 | . . . . . 3 7 1 6 7 6 6 5 6 6 5 4 5 4 2 . Peak Build Rating 129 | 6 10 16 30 47 59 77 69 72 69 77 70 85 86 94 95 120 128 127 129 2 Average Rating 77 | 6 7 11 19 36 55 72 68 68 68 67 68 79 83 86 94 115 122 123 102 2 On Entrance 61 | 6 6 10 16 30 45 58 68 69 69 69 63 70 81 85 89 95 118 124 124 2 Avg Prop Armor Cover (%) 10 | . 7 8 8 . . 5 . . . . . . . . . . . . 18 . Naked Turns 60 | . . . . . . . . . . . . . . . . . . . 37 23 Heaviest Build 179 | 13 32 98 106 141 141 151 139 139 122 137 135 139 139 135 140 179 178 178 169 . Greatest Support 155 | 20 40 20 40 28 56 140 140 150 150 150 115 145 140 140 140 155 155 155 155 3 Greatest Overweight (x) 28 | . 1 6 6 5 4 5 . . . 1 1 1 1 1 . 1 1 1 28 . Average Overweight (x) 1 | . . 3 5 3 2 1 . . . . 1 . . . . . 1 . 3 . Largest Inventory Capacity 25 | 8 15 25 25 25 25 25 25 25 25 25 25 25 25 25 25 25 25 25 25 5 Average Capacity 24 | 8 14 18 25 25 25 25 25 25 25 25 25 25 25 25 25 25 25 25 24 5 Most Carried 25 | 6 15 25 25 25 25 25 22 25 25 25 24 25 25 25 25 25 25 25 25 4 Average Carried 23 | 6 12 16 24 24 24 24 21 23 24 24 23 24 24 24 24 24 24 24 21 4 Final Capacity 25 | 8 15 25 25 25 25 25 25 25 25 25 25 25 25 25 25 25 25 25 5 5 Final Carried 25 | 6 15 25 25 25 25 21 22 25 23 24 24 25 25 25 24 25 25 25 4 4 Class Distribution -------------------- 48% | Botlord-Mutant 28% | Bothacker-Mutant 12% | Scavenger-Mutant 10% | Mutant Dominant Class ---------------- Mutant | -10/Materials Mutant | -9/Materials Scavenger-Mutant | -8/Materials Scavenger-Mutant | -8/Garrison Bothacker-Mutant | -7/Factory Bothacker-Mutant | -7/Waste Bothacker-Mutant | -7/Factory Bothacker-Mutant | -7/Garrison Bothacker-Mutant | -7/Factory Bothacker-Mutant | -7/Garrison Botlord-Mutant | -6/Factory Botlord-Mutant | -6/Waste Botlord-Mutant | -6/Factory Botlord-Mutant | -6/Garrison Botlord-Mutant | -5/Factory Botlord-Mutant | -5/Garrison Botlord-Mutant | -4/Factory Botlord-Mutant | -4/Garrison Botlord-Mutant | -4/Factory Mutant | -4/Garrison Resources | -11 -10 -9 -8 -8 -7 -7 -7 -7 -7 -7 -6 -6 -6 -6 -5 -5 -4 -4 -4 -4 ----------- Run | Yrd Mat Mat Mat Gar Fac Was Fac Gar Fac Gar Fac Was Fac Gar Fac Gar Fac Gar Fac Gar Matter Collected 6796 | 200 300 261 1070 795 166 151 . 543 267 311 . 369 187 191 44 326 149 598 868 . Remotely . | . . . . . . . . . . . . . . . . . . . . . Salvage Created 11326 | . 727 463 1003 822 118 986 . 1365 219 345 . . 65 697 118 877 397 768 2356 . Parts 481 | . 26 24 70 53 8 15 . 54 10 26 . . 8 30 2 32 19 35 69 . Haulers Intercepted 1 | . 1 . . . . . . . . . . . . . . . . . . . Recyclers Shooed 4 | . . . . . . . . . . . . . . . . . . . 4 . Parts Field Recycled . | . . . . . . . . . . . . . . . . . . . . . Retrieved Matter . | . . . . . . . . . . . . . . . . . . . . . Parts Self-Destructed . | . . . . . . . . . . . . . . . . . . . . . Prevented . | . . . . . . . . . . . . . . . . . . . . . Parts Restored . | . . . . . . . . . . . . . . . . . . . . . Kills | -11 -10 -9 -8 -8 -7 -7 -7 -7 -7 -7 -6 -6 -6 -6 -5 -5 -4 -4 -4 -4 ------- Run | Yrd Mat Mat Mat Gar Fac Was Fac Gar Fac Gar Fac Was Fac Gar Fac Gar Fac Gar Fac Gar Combat Hostiles Destroyed 178 | . 15 16 20 20 2 4 . 18 3 12 . . 1 4 1 13 5 11 33 . Guns 56 | . 15 10 14 15 2 . . . . . . . . . . . . . . . Cannons 70 | . . . . 2 . 1 . 15 2 6 . . 1 4 1 10 3 10 15 . AOE 33 | . . 6 6 2 . . . 3 . 6 . . . . . . 2 . 8 . Classes Destroyed 21 | . 4 3 4 1 . 1 . 1 2 . . . 1 1 . . . . 3 . Worker 2 | . . . 1 . . . . . . . . . . . . . . . 1 . Builder 2 | . . . 2 . . . . . . . . . . . . . . . . . Hauler 1 | . 1 . . . . . . . . . . . . . . . . . . . Recycler 6 | . . . 1 . . . . . 1 . . . . . . . 1 . 3 . Mechanic 1 | . . . . . . . . . . . . . . . . . . . 1 . Operator 3 | . 3 . . . . . . . . . . . . . . . . . . . Watcher 8 | . 1 1 . 2 . . . . 1 . . . . 1 . 1 . 1 . . Swarmer 26 | . . 3 2 7 . . . 3 . 7 . . . 2 . 2 . . . . Cutter 5 | . . . . . . . . 3 . . . . . . . . . 2 . . Saboteur 1 | . . . . . . . . . . . . . . . . . . . 1 . Grunt 77 | . 15 10 10 9 2 . . 6 1 . . . . 1 1 5 2 4 11 . Brawler 10 | . . 1 1 . . . . 4 . . . . . . . . . 1 3 . Duelist 12 | . . . 1 1 . . . 2 . 1 . . . . 1 1 . . 5 . Protector 1 | . . . . . . . . . . . . . . . . . . . 1 . Sentry 16 | . . 2 6 2 . . . . . 1 . . . 1 . 3 . . 1 . Demolisher 2 | . . . . . . . . . . . . . . . . . . . 2 . Specialist 5 | . . . . 1 . . . 2 . . . . . . . 2 . . . . Hunter 8 | . . . . . . . . . 1 . . . . . . . . 1 6 . Programmer 16 | . . . . . . . . . 1 3 . . . 1 . 1 3 3 4 . Heavy 1 | . . . . . . . . . . . . . 1 . . . . . . . Compactor 4 | . . . . . . 4 . . . . . . . . . . . . . . Surgeon 1 | . . . . . . . . . . . . . . 1 . . . . . . Thug 4 | . . . . . . . . . . . . . . 4 . . . . . . Savage 1 | . . . . . . . . . . . . . . 1 . . . . . . Butcher 1 | . . . . . . . . . . . . . . 1 . . . . . . Infiltrator 1 | . . . . . . . . . . . . . . . . . . 1 . . Best Kill Streak 17 | . 3 6 13 6 2 1 . 6 1 6 . . 1 2 1 2 6 3 17 . Combat Bots Only 17 | . 3 5 11 6 2 1 . 6 1 6 . . 1 2 1 2 5 3 17 . Max Kills in Single Turn 3 | . 1 2 3 1 1 1 . 2 1 3 . . 1 1 1 1 2 1 2 . Gunslinging . | . . . . . . . . . . . . . . . . . . . . . Exploded 3 | . . 2 2 1 . . . 2 . 3 . . . . . . 2 . 2 . Melee . | . . . . . . . . . . . . . . . . . . . . . Uniques/NPCs Destroyed . | . . . . . . . . . . . . . . . . . . . . . Combat | -11 -10 -9 -8 -8 -7 -7 -7 -7 -7 -7 -6 -6 -6 -6 -5 -5 -4 -4 -4 -4 -------- Run | Yrd Mat Mat Mat Gar Fac Was Fac Gar Fac Gar Fac Was Fac Gar Fac Gar Fac Gar Fac Gar Hostile Shots Fired 1330 | . 97 82 91 85 12 . . 71 29 301 . . 3 25 4 98 58 71 287 16 Missed 357 | . 28 26 28 24 2 . . 13 8 81 . . 3 7 . 19 18 19 75 6 Hits 973 | . 69 56 63 61 10 . . 58 21 220 . . . 18 4 79 40 52 212 10 Melee 38 | . . . . 6 . . . 6 . 1 . . . . 3 2 . 1 19 . Projectile 935 | . 69 56 63 55 10 . . 52 21 219 . . . 18 1 77 40 51 193 10 AOE 22 | . . . . . . . . 3 . . . . . . . . . 4 15 . Critical Strikes 42 | . . 1 1 1 . . . 1 . 6 . . . . . 4 2 6 20 . Part Disruptions 1 | . . . . . . . . . . . . . . . . 1 . . . . Damage Taken 15629 | . 800 676 972 745 156 . . 1047 210 2525 . . 24 426 130 1168 361 840 5423 126 Core 1926 | . 163 87 119 9 15 . . 77 11 114 . . . 31 . 136 20 37 981 126 Absorbed by Shields 1867 | . . . . 165 . . . . . . . . . . . 730 384 463 125 . Reduced by Siege Mode 673 | . . . . . . . . 16 . 188 . . . . . 28 . . 441 . Regen/Repaired (Parts) 600 | . . . . . . . . . 6 . . 247 6 13 68 201 59 . . . Core Remaining (%) 77 | 100 34 78 . 76 . . . . . 69 . . . 96 . 86 . . . . Volleys Fired 1095 | . 78 43 60 75 9 41 . 138 37 47 1 4 15 106 17 105 45 102 172 . Largest 2 | . 2 2 2 2 2 1 . 2 1 2 1 1 1 1 1 2 1 2 2 . Hottest 210 | . 100 88 88 138 90 90 . 170 90 170 7 90 105 105 105 195 120 210 175 . Shots Fired 1375 | . 155 78 112 139 16 42 1 155 37 60 1 4 15 106 17 110 45 108 174 . Gun 461 | . 155 72 107 110 14 . 1 2 . . . . . . . . . . . . Cannon 710 | . . . . 25 2 36 . 130 13 47 . 4 4 103 15 92 32 66 141 . Launcher 36 | . . 6 5 4 . . . 3 . 3 . . . . . . 1 . 14 . Special 168 | . . . . . . 6 . 20 24 10 1 . 11 3 2 18 12 42 19 . Kinetic 313 | . 33 37 100 110 14 . 1 2 . . . . . . . . . . 16 . Thermal 816 | . 121 35 7 4 2 36 . 130 13 47 . 4 4 103 15 92 32 66 105 . Explosive 30 | . . 6 5 4 . . . 3 . 3 . . . . . . 1 . 8 . Electromagnetic 48 | . 1 . . 21 . . . . . . . . . . . . . . 26 . Robot Hit Streak 25 | . 10 13 13 15 4 9 . 22 24 17 1 5 3 9 3 25 8 13 19 . Robot Miss Streak 11 | . 4 4 11 4 2 2 . 4 4 2 . . 3 3 1 4 2 3 3 . Penetration Max . | . . . . . . . . . . . . . . . . . . . . . Secondary Targets 5 | . . . 4 1 . . . . . . . . . . . . . . . . Max Gunslinging Chain 1 | . . . 1 1 . . . . . . . . . . . . . . . . Capacitor 105 | . . . . . . . . . . . . . . . . . . . 105 . Shots Hit Robots 858 | . 98 58 77 81 8 33 . 84 21 33 1 4 7 59 7 72 20 68 127 . Core Hits 379 | . 42 27 50 33 5 6 . 35 4 13 . . 1 28 2 20 13 17 83 . Critical Kills 19 | . . . . 2 1 3 . 3 1 . . . . 2 1 3 . . 3 . Critical Parts Destroyed 2 | . 1 1 . . . . . . . . . . . . . . . . . . Critical Strikes 27 | . 5 1 . 2 1 3 . 3 1 . . . . 2 1 3 . . 5 . Burn 4 | . 4 . . . . . . . . . . . . . . . . . . . Meltdown 16 | . . . . . . 3 . 3 1 . . . . 2 1 3 . . 3 . Destroy 5 | . 1 1 . 2 1 . . . . . . . . . . . . . . . Blast 2 | . . . . . . . . . . . . . . . . . . . 2 . Melee Attacks 7 | . . 1 2 4 . . . . . . . . . . . . . . . . Impact 3 | . . 1 2 . . . . . . . . . . . . . . . . . Slashing 4 | . . . . 4 . . . . . . . . . . . . . . . . Piercing . | . . . . . . . . . . . . . . . . . . . . . Sneak Attacks . | . . . . . . . . . . . . . . . . . . . . . Combat Hostiles . | . . . . . . . . . . . . . . . . . . . . . Follow-up Attacks . | . . . . . . . . . . . . . . . . . . . . . Damage Inflicted 25491 | . 1198 1443 1838 1488 101 919 . 2333 272 1091 . 124 71 2445 210 2504 995 1376 7083 . Guns 4236 | . 1194 719 1205 1017 101 . . . . . . . . . . . . . . . Cannons 15880 | . . . . 398 . 919 . 2155 174 769 . 124 71 2445 210 2504 541 1376 4194 . Explosions 5256 | . . 721 633 73 . . . 178 . 322 . . . . . . 454 . 2875 . Melee . | . . . . . . . . . . . . . . . . . . . . . Ramming 119 | . 4 3 . . . . . . 98 . . . . . . . . . 14 . Kinetic 3130 | . 178 378 1110 1017 101 . . . . . . . . . . . . . 346 . Thermal 16404 | . 997 341 95 143 . 919 . 2155 174 769 . 124 71 2445 210 2504 541 1376 3540 . Explosive 4294 | . . 721 633 73 . . . 178 . 322 . . . . . . 454 . 1913 . Electromagnetic 1544 | . 19 . . 255 . . . . . . . . . . . . . . 1270 . Impact . | . . . . . . . . . . . . . . . . . . . . . Slashing . | . . . . . . . . . . . . . . . . . . . . . Piercing . | . . . . . . . . . . . . . . . . . . . . . Highest Corruption 32 | . 1 . . . . 10 10 10 11 16 . . . . . . 3 8 32 32 Average Corruption 9 | . 1 . . . . 8 10 10 10 14 . . . . . . 2 6 14 32 Corruption Purged . | . . . . . . . . . . . . . . . . . . . . . Corruption Blocked . | . . . . . . . . . . . . . . . . . . . . . Effects 296 | . 3 . . . . 23 13 65 21 45 . . . . . . 1 61 61 3 Message Errors 70 | . . . . . . 4 4 16 5 11 . . . . . . . 19 11 . Matter Fused 73 | . 2 . . . . 6 1 18 6 9 . . . . . . 1 14 15 1 Heat Flow Errors 39 | . . . . . . 3 3 8 4 6 . . . . . . . 7 7 1 Energy Discharges 27 | . 1 . . . . 2 . 5 3 6 . . . . . . . 5 5 . Parts Rejected 4 | . . . . . . 2 . 1 . . . . . . . . . 1 . . Parts Fused 5 | . . . . . . . 1 . . 3 . . . . . . . 1 . . Data Loss (minor) 38 | . . . . . . 4 2 9 1 3 . . . . . . . 7 12 . Data Loss (major) 14 | . . . . . . . . 5 2 2 . . . . . . . 3 2 . Misfires 9 | . . . . . . 1 1 2 . 2 . . . . . . . 1 2 . Alerts 6 | . . . . . . 1 1 . . 1 . . . . . . . 1 2 . Misdirections 3 | . . . . . . . . . . . . . . . . . . . 2 1 Weapon Failures 8 | . . . . . . . . 1 . 2 . . . . . . . 2 3 . Overload Shots . | . . . . . . . . . . . . . . . . . . . . . Overflow Damage 501 | . . 14 . 6 . . . 26 8 43 . . . 60 22 17 24 70 211 . Projectiles 420 | . . . . 6 . . . 26 . 43 . . . 60 22 17 24 70 152 . Explosions 60 | . . 14 . . . . . . . . . . . . . . . . 46 . Melee 21 | . . . . . . . . . 8 . . . . . . . . . 13 . Knockbacks 1 | . . . . . . . . . . . . . . . . . . . 1 . Impact . | . . . . . . . . . . . . . . . . . . . . . Kinetic 1 | . . . . . . . . . . . . . . . . . . . 1 . Secondary . | . . . . . . . . . . . . . . . . . . . . . Self-Inflicted Damage 291 | . . 49 18 . . . . 85 . 20 . . . . . . . . 119 . Shots 10 | . . 3 1 . . . . 2 . 1 . . . . . . . . 3 . Rammed 11 | . 2 2 . . . . . . 6 . . . . . . . . . 1 . Targets Rammed 12 | . 2 2 . . . . . . 7 . . . . . . . . . 1 . Kicked . | . . . . . . . . . . . . . . . . . . . . . Crushed 1 | . . . . . . . . . 1 . . . . . . . . . . . Highest Temperature 338 | . 298 74 39 276 96 264 173 277 259 162 . 16 . 229 . 304 4 221 338 . Average Temperature 79 | . 94 23 9 60 46 105 85 53 44 69 . 9 . 68 . 99 4 94 112 . Received Heat Transfer 3303 | . 447 276 477 223 90 . . 219 51 663 . . 6 27 9 174 40 92 500 9 Effects 9 | . 1 . . 1 . . . . . . . . . . . . . . 7 . Shutdowns 2 | . . . . . . . . . . . . . . . . . . . 2 . Energy Bleed 2 | . 1 . . 1 . . . . . . . . . . . . . . . . Interference 4 | . . . . . . . . . . . . . . . . . . . 4 . Short Circuit 1 | . . . . . . . . . . . . . . . . . . . 1 . Siege Activations 9 | . . . . . . . . 3 . 1 . . . . . 2 . . 3 . Total Turns 197 | . . . . . . . . 55 . 45 . . . . . 22 . . 75 . Longest Duration 45 | . . . . . . . . 20 . 45 . . . . . 16 . . 43 . Martial Activations . | . . . . . . . . . . . . . . . . . . . . . Shielding Activations . | . . . . . . . . . . . . . . . . . . . . . Robots Disrupted . | . . . . . . . . . . . . . . . . . . . . . Combat Hostiles . | . . . . . . . . . . . . . . . . . . . . . Robots Corrupted 10 | . . . . 1 . . . . . . . . . . . . . . 9 . Combat Hostiles 9 | . . . . 1 . . . . . . . . . . . . . . 8 . Parts Fried 9 | . . . . . . . . . . . . . . . . . . . 9 . Impact Corruptions 2 | . . . . . . . . . 1 . . . . . . . . . 1 . Robots Melted 17 | . . . . . . 3 . 3 1 . . . . 2 1 3 . 1 3 . Combat Hostiles 10 | . . . . . . 3 . . 1 . . . . . . 3 . 1 2 . Parts Melted 65 | . 15 1 . . . 3 . 12 4 5 . . . 3 . 7 . 7 8 . Heat Transferred 20479 | . 3124 962 222 200 . 1450 . 3450 250 1150 . 200 74 2479 222 2169 407 1262 2858 . Parts Sabotaged . | . . . . . . . . . . . . . . . . . . . . . Parts Stolen . | . . . . . . . . . . . . . . . . . . . . . Parts Stripped . | . . . . . . . . . . . . . . . . . . . . . Power Chain Reactions 1 | . . . . . . . . . . . . . . . . . . . 1 . Alert | -11 -10 -9 -8 -8 -7 -7 -7 -7 -7 -7 -6 -6 -6 -6 -5 -5 -4 -4 -4 -4 ------- Run | Yrd Mat Mat Mat Gar Fac Was Fac Gar Fac Gar Fac Was Fac Gar Fac Gar Fac Gar Fac Gar Maximum Alert Level 5 | . 1 . 1 3 2 . . 3 2 2 1 . 1 4 3 5 4 5 4 2 Low Security (%) 29 | 100 90 100 82 . . 100 100 13 18 26 35 100 83 2 . . . . . . Level 1 11 | . 9 . 17 23 81 . . 23 40 22 64 . 16 13 . . . . . . Level 2 14 | . . . . 55 18 . . 29 40 51 . . . 4 . 18 . . 6 100 Level 3 19 | . . . . 20 . . . 33 . . . . . 50 100 3 96 12 65 . Level 4 15 | . . . . . . . . . . . . . . 28 . 42 3 53 28 . Level 5 8 | . . . . . . . . . . . . . . . . 35 . 34 . . High Security . | . . . . . . . . . . . . . . . . . . . . . Max Security . | . . . . . . . . . . . . . . . . . . . . . Peak Influence 2002 | . 219 177 359 785 411 104 12 981 548 525 270 52 232 1557 832 1889 1148 2002 1406 571 Initial 1050 | . . 81 61 222 411 104 . . 514 . 270 52 . 145 816 557 991 733 1050 571 Average 662 | . 73 109 84 537 368 16 . 535 308 340 212 3 84 935 809 1349 902 1460 926 571 Influence Increases 10935 | . 516 468 589 613 47 7 12 1041 245 646 . . 522 1492 50 1382 525 1429 1351 . Destroy 0b10 Robot/C 4880 | . 300 320 400 400 40 . . 380 100 340 . . 220 520 20 660 200 340 640 . Destroy 0b10 Robot/NC 165 | . 25 5 20 10 . . . 20 30 . . . . 5 . 5 10 5 30 . Destroy Leader 714 | . 74 62 110 20 . . . 30 48 40 . . 40 40 10 50 40 40 110 . Allied During Kill 1261 | . . . . . . . . 8 15 37 . . 260 496 2 205 56 126 56 . Successful Hack 139 | . 24 20 . 12 5 . 12 14 16 12 . . . 10 . . . 14 . . Select Force Hacks 30 | . 30 . . . . . . . . . . . . . . . . . . . Disable Machine 585 | . . . 15 . . . . 45 30 . . . . 30 . 45 75 30 315 . Anti-Garrison Action 2100 | . . . . 100 . . . 400 . 150 . . . 300 . 350 . 800 . . Destroy Structure 896 | . 3 46 44 41 2 7 . 99 6 67 . . 2 91 18 67 144 59 200 . Lose Combat Pursuer 165 | . 60 15 . 30 . . . 45 . . . . . . . . . 15 . . Influence Decreases 10364 | . 321 518 391 171 534 305 12 60 1226 130 366 150 314 143 811 289 1366 475 2536 246 Entered New Map 5152 | . . 114 84 121 374 194 . . 467 . 246 98 . 63 741 239 898 315 952 246 Time Decay 2625 | . 281 374 267 . 160 111 12 . 254 . 120 20 144 . 70 . 318 . 494 . Lost Part 470 | . 40 30 40 50 . . . . . 40 . . . . . . 10 . 260 . Lost Ally 992 | . . . . . . . . 60 80 90 . 32 20 80 . 50 140 160 280 . Purge Threat 1125 | . . . . . . . . . 425 . . . 150 . . . . . 550 . Squads Dispatched 32 | . 4 1 4 . . . . . 1 . . . 2 . . . 4 . 16 . Investigation 2 | . 1 1 . . . . . . . . . . . . . . . . . . Extermination 4 | . . . . . . . . . 1 . . . . . . . 1 . 2 . Reinforcement 15 | . 3 . 1 . . . . . . . . . 2 . . . 2 . 7 . Assault 6 | . . . . . . . . . . . . . . . . . 1 . 5 . Garrison 5 | . . . 3 . . . . . . . . . . . . . . . 2 . Intercept . | . . . . . . . . . . . . . . . . . . . . . Searches Triggered . | . . . . . . . . . . . . . . . . . . . . . Construction Impeded 5 | . . . 1 . . . . . . . . . . . . . 1 . 3 . Haulers Reinforced 1 | . . . . . . . . . . . . . . . . . 1 . . . Active Scanning Responses . | . . . . . . . . . . . . . . . . . . . . . Cargo Convoy Interrupts . | . . . . . . . . . . . . . . . . . . . . . Alert ID Control Effect 42 | . . . . . . . . . . . . . . . . 5 . 13 24 . Stealth | -11 -10 -9 -8 -8 -7 -7 -7 -7 -7 -7 -6 -6 -6 -6 -5 -5 -4 -4 -4 -4 --------- Run | Yrd Mat Mat Mat Gar Fac Was Fac Gar Fac Gar Fac Was Fac Gar Fac Gar Fac Gar Fac Gar Distress Signals 16 | . 2 1 2 2 . . . . 2 . . . . 2 . . 1 . 4 . Communications Jammed 123 | . . . . . . . . . . . . . . . 8 . 33 . 82 . Distress Signals 120 | . . . . . . . . . . . . . . . 8 . 31 . 81 . Times Spotted 398 | . 25 24 24 23 2 4 . 31 16 26 . 1 12 27 5 34 17 50 68 9 Peak Tracking Total 10 | . 7 8 4 3 2 2 . 4 4 8 . 1 4 6 5 5 5 5 9 10 Tactical Retreats 11 | . 4 1 . 2 . . . 3 . . . . . . . . . 1 . . Traps | -11 -10 -9 -8 -8 -7 -7 -7 -7 -7 -7 -6 -6 -6 -6 -5 -5 -4 -4 -4 -4 ------- Run | Yrd Mat Mat Mat Gar Fac Was Fac Gar Fac Gar Fac Was Fac Gar Fac Gar Fac Gar Fac Gar Traps Triggered 40 | . 1 . . 6 1 . . 1 1 2 1 . 1 3 . 9 . 14 . . Indirectly . | . . . . . . . . . . . . . . . . . . . . . Trap Hack Attempts . | . . . . . . . . . . . . . . . . . . . . . Triggered . | . . . . . . . . . . . . . . . . . . . . . Disarmed . | . . . . . . . . . . . . . . . . . . . . . Reprogrammed . | . . . . . . . . . . . . . . . . . . . . . Reused . | . . . . . . . . . . . . . . . . . . . . . Traps Extracted . | . . . . . . . . . . . . . . . . . . . . . Installed . | . . . . . . . . . . . . . . . . . . . . . Triggered . | . . . . . . . . . . . . . . . . . . . . . Machines | -11 -10 -9 -8 -8 -7 -7 -7 -7 -7 -7 -6 -6 -6 -6 -5 -5 -4 -4 -4 -4 ---------- Run | Yrd Mat Mat Mat Gar Fac Was Fac Gar Fac Gar Fac Was Fac Gar Fac Gar Fac Gar Fac Gar Machines Disabled 65 | . . . 1 2 . . . 9 2 3 . . . 7 . 5 5 10 21 . Max in Single Turn 1 | . . . 1 1 . . . 1 1 1 . . . 1 . 1 . 1 1 . Garrison Access 1 | . . . . . . . . . . . . . . . . . . . 1 . Garrison Relay 27 | . . . . 2 . . . 6 . 3 . . . 4 . 3 . 9 . . Machines Repaired . | . . . . . . . . . . . . . . . . . . . . . Machines Dismantled 1 | . . . . . . . . . . . . . . . . 1 . . . . Machines Sabotaged . | . . . . . . . . . . . . . . . . . . . . . Overloaded Fab Kills . | . . . . . . . . . . . . . . . . . . . . . Hacking | -11 -10 -9 -8 -8 -7 -7 -7 -7 -7 -7 -6 -6 -6 -6 -5 -5 -4 -4 -4 -4 --------- Run | Yrd Mat Mat Mat Gar Fac Was Fac Gar Fac Gar Fac Was Fac Gar Fac Gar Fac Gar Fac Gar Machines Accessed 35 | . 5 6 2 2 1 . 1 1 5 1 . . 2 2 1 2 1 1 2 . Terminals 26 | . 4 6 1 2 1 . . 1 4 1 . . 1 2 . 2 . 1 . . Fabricators . | . . . . . . . . . . . . . . . . . . . . . Repair Stations . | . . . . . . . . . . . . . . . . . . . . . Recycling Units 1 | . 1 . . . . . . . . . . . . . . . . . . . Scanalyzers 1 | . . . . . . . . . . . . . . . . . . . 1 . Garrison Access 7 | . . . 1 . . . 1 . 1 . . . 1 . 1 . 1 . 1 . Total Hacks 71 | . 11 18 2 6 2 . 2 2 7 1 . . 4 7 1 3 1 2 2 . Successful 30 | . 7 4 1 2 1 . 2 1 3 1 . . 2 2 1 . 1 1 1 . Failed 40 | . 4 13 1 4 1 . . 1 4 . . . 2 5 . 3 . 1 1 . Catastrophic 11 | . 1 2 . 1 . . . . 3 . . . 1 . . 2 . . 1 . Database Lockouts 1 | . . 1 . . . . . . . . . . . . . . . . . . Manual 37 | . 8 14 . 2 1 . 1 1 4 . . . 2 3 . . . 1 . . Terminals 61 | . 10 18 1 6 2 . . 2 6 1 . . 3 7 . 3 . 2 . . Fabricators . | . . . . . . . . . . . . . . . . . . . . . Repair Stations . | . . . . . . . . . . . . . . . . . . . . . Recycling Units 1 | . 1 . . . . . . . . . . . . . . . . . . . Scanalyzers 1 | . . . . . . . . . . . . . . . . . . . 1 . Garrison Access 8 | . . . 1 . . . 2 . 1 . . . 1 . 1 . 1 . 1 . Terminal Hacks 16 | . 3 4 . 2 . . . 1 1 1 . . 1 2 . . . 1 . . Robot Analysis 3 | . 1 2 . . . . . . . . . . . . . . . . . . Prototype ID Bank 1 | . 1 . . . . . . . . . . . . . . . . . . . Emergency Access Points 3 | . . . . . . . . 1 . . . . . 1 . . . 1 . . Alert Level 1 | . . . . 1 . . . . . . . . . . . . . . . . Unreport Threat 2 | . . . . . . . . . 1 . . . 1 . . . . . . . Registered Components 2 | . 1 1 . . . . . . . . . . . . . . . . . . Zone Layout 1 | . . 1 . . . . . . . . . . . . . . . . . . Garrison Registry 2 | . . . . 1 . . . . . 1 . . . . . . . . . . Patrol Navigation 1 | . . . . . . . . . . . . . . 1 . . . . . . Fabricator Hacks . | . . . . . . . . . . . . . . . . . . . . . Repair Station Hacks . | . . . . . . . . . . . . . . . . . . . . . Recycling Unit Hacks . | . . . . . . . . . . . . . . . . . . . . . Scanalyzer . | . . . . . . . . . . . . . . . . . . . . . Garrison Access Hacks 7 | . . . 1 . . . 1 . 1 . . . 1 . 1 . 1 . 1 . Unlock Access 7 | . . . 1 . . . 1 . 1 . . . 1 . 1 . 1 . 1 . Unauthorized Hacks 7 | . 4 . . . 1 . 1 . 1 . . . . . . . . . . . Terminals 5 | . 3 . . . 1 . . . 1 . . . . . . . . . . . Assimilate 2 | . 2 . . . . . . . . . . . . . . . . . . . Botnet 1 | . . . . . 1 . . . . . . . . . . . . . . . Operators 2 | . 1 . . . . . . . 1 . . . . . . . . . . . Fabricators . | . . . . . . . . . . . . . . . . . . . . . Repair Stations . | . . . . . . . . . . . . . . . . . . . . . Recycling Units 1 | . 1 . . . . . . . . . . . . . . . . . . . Tunnel 1 | . 1 . . . . . . . . . . . . . . . . . . . Scanalyzers . | . . . . . . . . . . . . . . . . . . . . . Garrison Access 1 | . . . . . . . 1 . . . . . . . . . . . . . Restock 1 | . . . . . . . 1 . . . . . . . . . . . . . Data Cores Recovered . | . . . . . . . . . . . . . . . . . . . . . Used . | . . . . . . . . . . . . . . . . . . . . . Hacking Detections 29 | . 4 6 1 2 1 . 1 1 4 . . . 2 2 . 2 . 1 2 . Full Trace Events 2 | . . 1 . . . . . . . . . . . . . 1 . . . . Feedback Events . | . . . . . . . . . . . . . . . . . . . . . Feedback Blocked . | . . . . . . . . . . . . . . . . . . . . . Robot Schematics Acquired . | . . . . . . . . . . . . . . . . . . . . . Robots Built . | . . . . . . . . . . . . . . . . . . . . . Authchips . | . . . . . . . . . . . . . . . . . . . . . Time . | . . . . . . . . . . . . . . . . . . . . . Total Robot Build Rating . | . . . . . . . . . . . . . . . . . . . . . Part Schematics Acquired . | . . . . . . . . . . . . . . . . . . . . . Parts Built . | . . . . . . . . . . . . . . . . . . . . . Authchips . | . . . . . . . . . . . . . . . . . . . . . Time . | . . . . . . . . . . . . . . . . . . . . . Total Part Build Rating . | . . . . . . . . . . . . . . . . . . . . . Part Studies Acquired . | . . . . . . . . . . . . . . . . . . . . . Parts Repaired . | . . . . . . . . . . . . . . . . . . . . . Time . | . . . . . . . . . . . . . . . . . . . . . Parts Recycled . | . . . . . . . . . . . . . . . . . . . . . Recycled Matter . | . . . . . . . . . . . . . . . . . . . . . Retrieved Matter . | . . . . . . . . . . . . . . . . . . . . . Retrieved Components . | . . . . . . . . . . . . . . . . . . . . . Parts Scanalyzed . | . . . . . . . . . . . . . . . . . . . . . Part Schematics Acquired . | . . . . . . . . . . . . . . . . . . . . . Parts Damaged . | . . . . . . . . . . . . . . . . . . . . . Bothacking | -11 -10 -9 -8 -8 -7 -7 -7 -7 -7 -7 -6 -6 -6 -6 -5 -5 -4 -4 -4 -4 ------------ Run | Yrd Mat Mat Mat Gar Fac Was Fac Gar Fac Gar Fac Was Fac Gar Fac Gar Fac Gar Fac Gar Used RIF Installer 7 | . . . . 1 . . . 1 . 2 . . . 1 . 1 . 1 . . Hotswap 1 | . . . . . . . . . . 1 . . . . . . . . . . Code Merge 1 | . . . . . . . . . . . . . . . . . . 1 . . Signal Jammer 1 | . . . . . . . . 1 . . . . . . . . . . . . Patrol Navigation 1 | . . . . . . . . . . 1 . . . . . . . . . . Alert ID Control 1 | . . . . . . . . . . . . . . . . 1 . . . . Structural Interface 1 | . . . . . . . . . . . . . . 1 . . . . . . Robots Hacked 102 | . . . . . . 6 . 12 11 6 1 . 7 3 2 11 9 24 10 . Non-combat 14 | . . . . . . . . . 6 . 1 . 1 . 1 . 2 . 3 . Combat 88 | . . . . . . 6 . 12 5 6 . . 6 3 1 11 7 24 7 . Robot Hacks Applied 117 | . . . . . . 6 . 12 16 6 1 . 8 3 2 12 10 26 15 . parse_system 1 | . . . . . . . . . . . . . 1 . . . . . . . no_distress 2 | . . . . . . . . . . . . . 2 . . . . . . . find_chute 2 | . . . . . . . . . . . 1 . . . . . 1 . . . ignore_repairs 1 | . . . . . . . . . 1 . . . . . . . . . . . randomize_corridors 1 | . . . . . . . . . 1 . . . . . . . . . . . purge_threat 8 | . . . . . . . . . 2 . . . . . . . . . 6 . block_reporting 1 | . . . . . . . . . 1 . . . . . . . . . . . map_route 2 | . . . . . . . . . 1 . . . . . 1 . . . . . mark_security 1 | . . . . . . . . . 1 . . . . . . . . . . . ignore_targets 6 | . . . . . . 6 . . . . . . . . . . . . . . find_garrison 3 | . . . . . . . . . . . . . 1 . . . 1 . 1 . scatter_targeting 1 | . . . . . . . . . . . . . . . . . . 1 . . mark_system 1 | . . . . . . . . . . . . . . . . . . 1 . . link_complan 1 | . . . . . . . . . . . . . . . . . . 1 . . broadcast_data 2 | . . . . . . . . . . . . . 1 . . . . . 1 . amplify_resonance 16 | . . . . . . . . 2 1 2 . . 1 2 1 3 1 3 . . disable_weapons 2 | . . . . . . . . . . . . . . . . 1 1 . . . reboot_system 3 | . . . . . . . . . 1 . . . . . . . 1 . 1 . overwrite_iff 25 | . . . . . . . . 7 2 . . . 1 1 . 5 3 4 2 . formatsys_low 6 | . . . . . . . . . 3 . . . . . . . 1 . 2 . formatsys_high 32 | . . . . . . . . 3 2 4 . . 1 . . 3 1 16 2 . Relay Couplers Released 111 | . . . . 9 . . . 24 . 16 . . . 13 . 12 . 36 1 . Machine Destruction 107 | . . . . 9 . . . 24 . 12 . . . 13 . 12 . 36 1 . Programmers 4 | . . . . . . . . . . 4 . . . . . . . . . . Attached 38 | . . . . . . 1 . 8 3 6 . . . 2 1 5 4 7 1 . Merged Code Value 63 | . . . . . . . . . . . . . . . . . . 63 . . Fabnet Peak Effective % . | . . . . . . . . . . . . . . . . . . . . . Robots Rewired 8 | . . . . . . . . . . . . . . . . 2 . 6 . . Allies Hacked . | . . . . . . . . . . . . . . . . . . . . . Hacks Repelled . | . . . . . . . . . . . . . . . . . . . . . Allies | -11 -10 -9 -8 -8 -7 -7 -7 -7 -7 -7 -6 -6 -6 -6 -5 -5 -4 -4 -4 -4 -------- Run | Yrd Mat Mat Mat Gar Fac Was Fac Gar Fac Gar Fac Was Fac Gar Fac Gar Fac Gar Fac Gar Total Allies 92 | . . . . . . . . 10 6 4 . 20 2 1 . 10 5 28 6 . Largest Group 20 | . . . . . . . . 2 3 3 1 20 19 17 4 6 5 17 13 . Highest-Rated Group 807 | . . . . . . . . 64 78 90 32 693 671 629 105 252 291 807 619 . Highest-Rated Ally 142 | . . . . . . . . 32 32 32 32 46 46 46 27 51 142 95 58 . Total Orders 11 | . . . . . . . . . 3 2 . . . 2 . . 1 . 3 . STAY 4 | . . . . . . . . . 1 1 . . . 1 . . . . 1 . FOLLOW 2 | . . . . . . . . . . 1 . . . 1 . . . . . . AID 5 | . . . . . . . . . 2 . . . . . . . 1 . 2 . Ally Attacks 670 | . . . . . . . . 22 31 16 . 46 62 106 5 121 45 94 122 . Total Damage 19832 | . . . . . . . . 418 920 447 . 902 1286 2740 50 3296 1805 3338 4630 . Kills 125 | . . . . . . . . 1 6 5 . 1 11 22 . 26 6 21 26 . Allies Corrupted 2 | . . . . . . . . . . . . . . . . . 2 . . . Allies Melted 5 | . . . . . . . . 1 . . . . . 2 1 . . . 1 . Intel | -11 -10 -9 -8 -8 -7 -7 -7 -7 -7 -7 -6 -6 -6 -6 -5 -5 -4 -4 -4 -4 ------- Run | Yrd Mat Mat Mat Gar Fac Was Fac Gar Fac Gar Fac Was Fac Gar Fac Gar Fac Gar Fac Gar Active Infowar (turns) 7501 | . . . 549 69 . . . . . . . . 326 1386 159 1987 717 2274 34 . Optics 6883 | . . . . . . . . . . . . . 326 1386 159 1987 717 2274 34 . Seismic 618 | . . . 549 69 . . . . . . . . . . . . . . . . Machine Analysis 65 | . . . 65 . . . . . . . . . . . . . . . . . Robot Analysis Total 3 | . 1 2 . . . . . . . . . . . . . . . . . . Derelict Logs Recovered . | . . . . . . . . . . . . . . . . . . . . . Drone Launches . | . . . . . . . . . . . . . . . . . . . . . Drone Recoveries . | . . . . . . . . . . . . . . . . . . . . . Exploration | -11 -10 -9 -8 -8 -7 -7 -7 -7 -7 -7 -6 -6 -6 -6 -5 -5 -4 -4 -4 -4 ------------- Run | Yrd Mat Mat Mat Gar Fac Was Fac Gar Fac Gar Fac Was Fac Gar Fac Gar Fac Gar Fac Gar Turns Passed 17844 | 2 884 869 755 1026 321 747 391 1714 658 1176 248 740 449 1386 159 1987 717 2274 1318 23 Spaces Moved 7326 | 2 336 341 259 443 110 285 101 802 309 514 102 385 243 656 71 730 260 872 463 42 Core 94 | . . . . . . . . . . . . . . . . . . . 52 42 Treads 5936 | . 313 146 2 . . 201 101 802 309 514 102 385 243 656 71 730 260 872 229 . Legs 29 | 2 23 . . . . . . . . . . . . . . . . . 4 . Wheels 1267 | . . 195 257 443 110 84 . . . . . . . . . . . . 178 . Hover . | . . . . . . . . . . . . . . . . . . . . . Flight . | . . . . . . . . . . . . . . . . . . . . . Fastest Speed 50 | 120 120 115 135 145 130 130 160 160 160 160 240 160 160 152 152 145 237 152 50 50 Average Speed 187 | 120 171 198 183 153 131 209 160 160 160 196 240 168 160 157 152 226 237 225 206 50 Slowest Speed 1450 | 120 240 240 560 175 160 240 160 160 160 240 240 240 240 225 152 237 237 237 1450 50 Overloaded Moves . | . . . . . . . . . . . . . . . . . . . . . Propulsion Burnouts . | . . . . . . . . . . . . . . . . . . . . . Robots Hopped . | . . . . . . . . . . . . . . . . . . . . . Potential Cave-ins . | . . . . . . . . . . . . . . . . . . . . . Cave-ins Triggered . | . . . . . . . . . . . . . . . . . . . . . Exploration Rate (%) 41 | 1 62 34 27 50 3 99 2 86 13 72 5 95 11 89 4 92 10 96 17 13 Regions Visited 20 Branch Regions . Pre-discovered Areas 1 | . 1 . . . . . . . . . . . . . . . . . . . Known Exits Taken 7 | . . . 1 . . . 1 . 1 . . . 1 . 1 . 1 . 1 . Unknown Exits Taken 3 | 1 1 1 . . . . . . . . . . . . . . . . . . Scrap Searched . | . . . . . . . . . . . . . . . . . . . . . Spaces Dug 41 | . . 1 10 9 2 . . . 1 . . . . . 5 . 5 6 2 . Terrain Destroyed 318 | . . 65 42 22 2 7 . 17 6 16 . . 2 11 9 11 35 19 54 . Melee 3 | . . 1 2 . . . . . . . . . . . . . . . . . Projectile 107 | . . . . . 2 7 . . 6 . . . 2 11 9 11 18 19 22 . AOE 208 | . . 64 40 22 . . . 17 . 16 . . . . . . 17 . 32 . Terrain Rammed . | . . . . . . . . . . . . . . . . . . . . . Walls Destroyed . | . . . . . . . . . . . . . . . . . . . . . Machines Disabled . | . . . . . . . . . . . . . . . . . . . . . Actions | -11 -10 -9 -8 -8 -7 -7 -7 -7 -7 -7 -6 -6 -6 -6 -5 -5 -4 -4 -4 -4 --------- Run | Yrd Mat Mat Mat Gar Fac Was Fac Gar Fac Gar Fac Was Fac Gar Fac Gar Fac Gar Fac Gar Total 10316 | 1 494 449 451 667 277 402 330 1088 441 627 106 475 295 910 107 958 324 1107 763 44 Wait 1056 | . 31 23 50 49 137 47 228 85 76 8 . 32 9 100 14 55 5 38 67 2 Move 7314 | 1 335 340 259 442 110 284 100 801 309 513 102 384 243 655 71 729 260 871 463 42 Hop . | . . . . . . . . . . . . . . . . . . . . . Pick Up 198 | . 21 15 20 17 6 7 1 21 2 18 1 7 2 12 1 9 4 22 12 . Fast Attach 83 | . 4 4 5 3 3 5 . 5 . 3 1 9 13 11 . 7 . 2 8 . Attach 65 | . 3 2 4 5 2 4 . 3 3 7 1 2 . . 3 3 3 5 15 . Detach 27 | . 1 1 . . 1 . . 1 . 3 . 7 1 1 . 3 . 3 5 . Swap 157 | . 7 11 21 20 3 2 1 17 5 16 . 12 . 4 . 10 5 10 13 . Drop 197 | . 12 7 30 18 6 12 . 17 2 8 . 15 12 21 1 14 2 13 7 . Fire 1095 | . 78 43 60 75 9 41 . 138 37 47 1 4 15 106 17 105 45 102 172 . Melee 7 | . . 1 2 4 . . . . . . . . . . . . . . . . Ram 1 | . . . . . . . . . . . . . . . . . . . 1 . Kick . | . . . . . . . . . . . . . . . . . . . . . Crush 11 | . 2 2 . . . . . . 7 . . . . . . . . . . . Escape Stasis 70 | . . . . 34 . . . . . 4 . . . . . 8 . 24 . . Rewire 27 | . . . . . . . . . . . . 3 . . . 7 . 17 . . Trap . | . . . . . . . . . . . . . . . . . . . . . Miscellaneous 8 | . . . . . . . . . . . . . . . . 8 . . . . Route ------- -11/Scrapyard -10/Materials -9/Materials (discovered 2 exits: *Mat x2) -8/Materials -8/Garrison (discovered 3 exits: *Fac x3) -7/Factory (discovered 2 exits: [*Fac] / [*Low]) -7/Waste -7/Factory -7/Garrison (discovered 3 exits: *Fac x3) -7/Factory (discovered 2 exits: [Low] / Gar) -7/Garrison (discovered 3 exits: [*Fac x3]) -6/Factory -6/Waste -6/Factory -6/Garrison (discovered 3 exits: *Fac x3) -5/Factory -5/Garrison (discovered 3 exits: *Fac x3) -4/Factory -4/Garrison (discovered 4 exits: *Fac x4) -4/Factory -4/Garrison History --------- Turn | Location | Event 1 | -11/Scrapyard | Discovered new exit (range 1) 3 | -11/Scrapyard | Entered Materials 323 | -10/Materials | Build established: Mutant 614 | -10/Materials | Core integrity fell below 50% 848 | -10/Materials | Discovered new exit (range 14) 887 | -10/Materials | Entered another Materials area 887 | -9/Materials | Evolved 2 slots: Utility x2 1306 | -9/Materials | Discovered new exit (range 3) 1635 | -9/Materials | Build established: Scavenger-Mutant 1642 | -9/Materials | Discovered new exit (range 9) 1709 | -9/Materials | Central database locked down 1756 | -9/Materials | Entered another Materials area 1756 | -8/Materials | Evolved 2 slots: Utility x2 2245 | -8/Materials | Garrison activated, responded to threat 2443 | -8/Materials | Destroyed 11 combat bots 2511 | -8/Materials | Identified exit to Garrison 2511 | -8/Materials | Entered Garrison 2536 | -8/Garrison | Discovered new exit (range 45) 2536 | -8/Garrison | Discovered new exit (range 66) 2536 | -8/Garrison | Discovered new exit (range 60) 2611 | -8/Garrison | Lost 3 parts (3u) 2709 | -8/Garrison | Triggered checkpoint 2756 | -8/Garrison | Garrison Relay disabled 2867 | -8/Garrison | Installed Relay Interface Framework 2909 | -8/Garrison | Triggered checkpoint 3017 | -8/Garrison | Triggered checkpoint 3277 | -8/Garrison | Triggered checkpoint 3329 | -8/Garrison | Garrison Relay disabled 3537 | -8/Garrison | Entered Factory 3537 | -7/Factory | Evolved 2 slots: Propulsion x2 3621 | -7/Factory | Discovered new exit (range 10) 3628 | -7/Factory | Build established: Bothacker-Mutant 3699 | -7/Factory | Discovered new exit (range 16) 3858 | -7/Factory | Sucked down chute 3858 | -7/Factory | Entered Waste 3873 | -7/Waste | EMP discharged 3903 | -7/Waste | Spotted C-40 Crusher 3903 | -7/Waste | Spotted C-40 Crusher 3911 | -7/Waste | Destroyed C-40 Crusher 3921 | -7/Waste | Spotted C-40 Crusher 3926 | -7/Waste | Found Damper Plating 3947 | -7/Waste | Spotted C-40 Crusher 3973 | -7/Waste | EMP discharged 3975 | -7/Waste | Spotted C-40 Crusher 3980 | -7/Waste | Spotted C-40 Crusher 3983 | -7/Waste | Destroyed C-40 Crusher 4058 | -7/Waste | Destroyed C-40 Crusher 4073 | -7/Waste | EMP discharged 4134 | -7/Waste | Destroyed C-40 Crusher 4173 | -7/Waste | EMP discharged 4226 | -7/Waste | Discovered new exit (range 13) 4273 | -7/Waste | EMP discharged 4373 | -7/Waste | EMP discharged 4473 | -7/Waste | EMP discharged 4573 | -7/Waste | EMP discharged 4573 | -7/Waste | System corruption reached 10% 4605 | -7/Waste | Entered Factory 4637 | -7/Factory | Identified exit to Garrison 4996 | -7/Factory | Entered Garrison 5018 | -7/Garrison | Triggered checkpoint 5172 | -7/Garrison | Spotted B-75 Beast 5198 | -7/Garrison | Triggered checkpoint 5305 | -7/Garrison | Garrison Relay disabled 5462 | -7/Garrison | Garrison Relay disabled 5570 | -7/Garrison | Triggered checkpoint 5580 | -7/Garrison | Triggered checkpoint 5817 | -7/Garrison | Discovered new exit (range 13) 5896 | -7/Garrison | Triggered checkpoint 5929 | -7/Garrison | Expanded RIF knowledge: Signal Jamming 5961 | -7/Garrison | Garrison Relay disabled 6132 | -7/Garrison | Garrison Relay disabled 6229 | -7/Garrison | Garrison Relay disabled 6273 | -7/Garrison | Discovered new exit (range 10) 6368 | -7/Garrison | Triggered checkpoint 6443 | -7/Garrison | Discovered new exit (range 12) 6540 | -7/Garrison | Triggered checkpoint 6596 | -7/Garrison | Garrison Relay disabled 6710 | -7/Garrison | Entered Factory 6710 | -7/Factory | Accompanied by 2 allies 6831 | -7/Factory | Discovered new exit (range 51) 7103 | -7/Factory | P-60 Hacker assimilated allied Machinist 4a 7323 | -7/Factory | Identified exit to Garrison 7368 | -7/Factory | Entered Garrison 7368 | -7/Garrison | Accompanied by 2 allies 7500 | -7/Garrison | Expanded RIF knowledge: Hotswap 7556 | -7/Garrison | Triggered checkpoint 7575 | -7/Garrison | Garrison Relay disabled 7780 | -7/Garrison | Lost 4 parts (1p1n2u) 7914 | -7/Garrison | Triggered checkpoint 7942 | -7/Garrison | Garrison Relay disabled 8047 | -7/Garrison | Discovered new exit (range 10) 8134 | -7/Garrison | Garrison Relay disabled 8222 | -7/Garrison | Discovered new exit (range 65) 8222 | -7/Garrison | Discovered new exit (range 59) 8222 | -7/Garrison | Discovered new exit (range 16) 8306 | -7/Garrison | Triggered checkpoint 8463 | -7/Garrison | Expanded RIF knowledge: Patrol Navigation 8544 | -7/Garrison | Entered Factory 8544 | -6/Factory | Accompanied by 1 ally 8544 | -6/Factory | Evolved 2 slots: Utility x2 8749 | -6/Factory | Build established: Botlord-Mutant 8792 | -6/Factory | Sucked down chute 8792 | -6/Factory | Entered Waste 8793 | -6/Waste | Joined by Warlord forces that had cleared the area 8842 | -6/Waste | A Compactor rumbled back to life 8843 | -6/Waste | Spotted C-40 Crusher 8857 | -6/Waste | 1 allies followed down the chute 8858 | -6/Waste | Allies destroyed C-40 Crusher 9309 | -6/Waste | Discovered new exit (range 16) 9532 | -6/Waste | Entered Factory 9532 | -6/Factory | Accompanied by 19 allies 9974 | -6/Factory | Identified exit to Garrison 9981 | -6/Factory | Entered Garrison 9981 | -6/Garrison | Accompanied by 16 allies 10010 | -6/Garrison | Triggered checkpoint 10042 | -6/Garrison | Garrison Relay disabled 10183 | -6/Garrison | Triggered checkpoint 10199 | -6/Garrison | Triggered checkpoint 10239 | -6/Garrison | Lost 3 allies 10265 | -6/Garrison | Triggered checkpoint 10293 | -6/Garrison | Garrison Relay disabled 10333 | -6/Garrison | Discovered new exit (range 19) 10551 | -6/Garrison | Triggered checkpoint 10570 | -6/Garrison | Discovered new exit (range 10) 10587 | -6/Garrison | Triggered checkpoint 10642 | -6/Garrison | Garrison Relay disabled 10811 | -6/Garrison | Spotted B-75 Beast 10819 | -6/Garrison | Allies destroyed B-75 Beast 10850 | -6/Garrison | Found Unknown Launcher 10850 | -6/Garrison | Identified Gamma Bomb Array 10894 | -6/Garrison | Found Adv. Powered Armor 10902 | -6/Garrison | Found Gamma Bomb Array 11135 | -6/Garrison | Murdered 3 allies 11246 | -6/Garrison | Garrison Relay disabled 11267 | -6/Garrison | Triggered checkpoint 11332 | -6/Garrison | Discovered new exit (range 3) 11352 | -6/Garrison | Expanded RIF knowledge: Structural Interface 11367 | -6/Garrison | Entered Factory 11367 | -5/Factory | Accompanied by 4 allies 11367 | -5/Factory | Evolved 2 slots: Power x1, Utility x1 11526 | -5/Factory | Identified exit to Garrison 11526 | -5/Factory | Entered Garrison 11526 | -5/Garrison | Accompanied by 3 allies 11597 | -5/Garrison | Triggered checkpoint 11900 | -5/Garrison | Triggered checkpoint 11918 | -5/Garrison | Triggered checkpoint 11990 | -5/Garrison | Triggered checkpoint 12092 | -5/Garrison | Triggered checkpoint 12144 | -5/Garrison | Expanded RIF knowledge: Alert ID Control 12211 | -5/Garrison | Garrison Relay disabled 12246 | -5/Garrison | Triggered checkpoint 12348 | -5/Garrison | Discovered new exit (range 14) 12687 | -5/Garrison | Discovered new exit (range 21) 12744 | -5/Garrison | Triggered checkpoint 12752 | -5/Garrison | Garrison Relay disabled 13254 | -5/Garrison | Triggered checkpoint 13305 | -5/Garrison | Garrison Relay disabled 13440 | -5/Garrison | Discovered new exit (range 12) 13513 | -5/Garrison | Entered Factory 13513 | -4/Factory | Accompanied by 5 allies 13513 | -4/Factory | Evolved 2 slots: Utility x2 14013 | -4/Factory | First assault squad dispatched 14139 | -4/Factory | Lost 3 allies 14230 | -4/Factory | Identified exit to Garrison 14230 | -4/Factory | Entered Garrison 14236 | -4/Garrison | Lost 5 allies 14272 | -4/Garrison | Triggered checkpoint 14310 | -4/Garrison | Found embedded Infiltrators 14420 | -4/Garrison | P-70 Sage assimilated allied 5D-68Q(x) 14457 | -4/Garrison | Garrison Relay disabled 14501 | -4/Garrison | Garrison Relay disabled 14515 | -4/Garrison | Garrison Relay disabled 14517 | -4/Garrison | Garrison Relay disabled 14537 | -4/Garrison | Garrison Relay disabled 14764 | -4/Garrison | Triggered checkpoint 14768 | -4/Garrison | Triggered checkpoint 14886 | -4/Garrison | Triggered checkpoint 14915 | -4/Garrison | Discovered new exit (range 5) 14958 | -4/Garrison | Lost 3 allies 15012 | -4/Garrison | Discovered new exit (range 10) 15058 | -4/Garrison | Triggered checkpoint 15096 | -4/Garrison | Garrison Relay disabled 15170 | -4/Garrison | Expanded RIF knowledge: Code Merge 15332 | -4/Garrison | Triggered checkpoint 15343 | -4/Garrison | Garrison Relay disabled 15488 | -4/Garrison | Triggered checkpoint 15500 | -4/Garrison | Discovered new exit (range 13) 15625 | -4/Garrison | Triggered checkpoint 15704 | -4/Garrison | Discovered new exit (range 11) 15844 | -4/Garrison | Triggered checkpoint 15905 | -4/Garrison | Lost 3 allies 15908 | -4/Garrison | Triggered checkpoint 15925 | -4/Garrison | Garrison Relay disabled 16072 | -4/Garrison | Triggered checkpoint 16504 | -4/Garrison | Entered Factory 16504 | -4/Factory | Accompanied by 13 allies 16539 | -4/Factory | Found Quantum Capacitor 16746 | -4/Factory | Lost 5 allies 16828 | -4/Factory | Lost 3 allies 16965 | -4/Factory | Spotted B-86 Titan 16982 | -4/Factory | Allies destroyed B-86 Titan 17004 | -4/Factory | First assault squad dispatched 17049 | -4/Factory | System corruption reached 10% 17087 | -4/Factory | Lost 7 allies 17104 | -4/Factory | Lost 3 parts (2u1w) 17208 | -4/Factory | Lost 6 parts (2n3u1w) 17243 | -4/Factory | Destroyed 17 combat bots 17541 | -4/Factory | Build established: Scavenger-Mutant 17566 | -4/Factory | Garrison activated, responded to threat 17655 | -4/Factory | Core integrity fell below 50% 17693 | -4/Factory | Lost 15 parts (3p4n4u4w) 17785 | -4/Factory | System corruption reached 30% 17785 | -4/Factory | Released all parts (7) 17816 | -4/Factory | Core integrity fell below 20% 17822 | -4/Factory | Identified exit to Garrison 17822 | -4/Factory | Entered Garrison 17842 | -4/Garrison | Spotted B-86 Titan 17845 | -4/Garrison | Destroyed by B-86 Titan with Matter Neutralizer Last Messages --------------- 17788_ R-10 Processor system corrupted by crushing effect. 17789_ R-10 Processor system terminally corrupted. 17789_ Field Recycling Unit fried. 17792_ System corrupted: Component data lost. 17808_ System corrupted: Heat flow error (+288). 17815_ Nuclear Reactor explodes. 17820_ Dropped Quantum Capacitor. 17820_ Acquired Mass Driver. 17822_ Connecting with Garrison Access... >>Unlock Access door unlocked. 17822_ EXIT=UNLOCKED: GARRISON LOCATION=GARRISON GOAL=ESCAPE 17823_ RIF reveals location of phase wall. 17829_ System corrupted: Matter fused (-5). 17833_ RIF reveals location of phase wall. 17845_ System corrupted: Heat flow error (+206). Map ----- +----------------------------------------------------+ | ?????????????????????????????????????????????????? | | ?????????????????????????????????????????????????? | | ?????????????????????????????????????????????????? | | ?????????????????????????????????????????????????? | | ?????????????????????????????????????????????????? | | ???????????????????????????????? ??????????????? | | ???????????????????????????????? ??????????????? | | ????????????????????????????????# ??????????????? | | ????????????????????????????????# ??????????????? | | ????????????????????????????????# ??????????????? | | ????????????????????????????????# #?????????????? | | ????????????????????????????????# #?????????????? | | ????????????????????????????????" #?????????????? | | ????????????????????????????????" #?????????????? | | ????????????????????????????????" #?????????????? | | ????????????????????????????????# #?????????????? | | ??????????????????????###+####### ############### | | ??????????????????????# | | ??????????????????????# | | ??????????????????????# | | ??????????????????????# #######++############### | | ??????????????????????# #?????# #?????????????? | | ??????????????????????# #?????# #?????????????? | | ??????????????????????# ####### #?????????????? | | ??????????????????????# ss #?????????????? | | ??????????????????????# @####### #?????????????? | | ??????????????????????# #?????# #?????????????? | | ??????????????????????# #?????# #?????????????? | | ????????????????????? #?????# #?????????????? | | ???????????????????? +????? #?????????????? | | ??????????????????? s +????? #?????????????? | | ?????????????????? ;#s #?????####?????????????? | | ????????????????? s;#s #??????????????????????? | | ??????????????? ? "??????????????????????? | | ?????????????? BB ? ???????????????????????? | | ?????????????? BB?? ???????????????????????? | | ?????????????? ? ???????????????????????? | | ????????????????# ??## ???????????????????????? | | ??????????????????????# ???????????????????????? | | ?????????????????????? ???????????????????????? | | ??????????????????????? ???????????????????????? | | ?????????????????????????????????????????????????? | | ?????????????????????????????????????????????????? | | ?????????????????????????????????????????????????? | | ?????????????????????????????????????????????????? | | ?????????????????????????????????????????????????? | | ?????????????????????????????????????????????????? | | ?????????????????????????????????????????????????? | | ?????????????????????????????????????????????????? | | ?????????????????????????????????????????????????? | +----------------------------------------------------+ Best States ------------- Heat Dissipation 105 Energy Generation 45 Energy Capacity 600 Matter Stores 300 Matter Capacity 300 Sight Range 22 Terrain Scan Density 10 Armor Coverage 1650 Resistance: EM 90 Point Defense Rating 160 Evasion (%) 55 Core Analysis 6 Armor Integrity Analysis 30 Recoil Reduction 4 Offensive Hacking 12 Relay Coupler Types 5 Relay Coupler Value 170 Item Schematics ----------------- None Robot Schematics ------------------ None Fabricated ------------ Nothing Repaired ---------- Nothing Studied --------- None Alien Tech Used ----------------- None Achievements -------------- May I Have Another? Oppo Buddy Taming Of The Crushers Challenges ------------ None Game ------ Seed StrikeScrapoidStabilizer Manual? 0 Play Time 02:37:24 Cumulative 310.9 hours Start 2025.10.22 @ 16:29:24 End 2025.10.22 @ 22:35:29 Sessions 3 Manual Loads 0 Difficulty Rogue Special Mode None Game No. 101 Rogue 101 Adventurer 0 Explorer 0 Win Type - Total 6 Types 2/0/3/0/0/0/0/0/0/1 Lore% 75 Gallery% 82 Achievement% 59 Wizard Run 0 Options --------- Layout 1 ASCII 0 Keyboard 1 Movement Arrows Keybinds 0 Fullscreen 1 Font 24/Smallcaps Map View 50x35 Zoom Use 0% Tactical HUD 1 Map Filters NONE Filters NONE Steam 1 RUN: 4ccb15d7-f3ec-4a90-af9e-956640710d9f